General information
- name: BNet
- type: Ladder team game (AT/RT)
- host: Battle.net
- saver: BEAR_AND
map: Friends
- players: 8
- length: 52:14
- speed: Fast
- version: 1.22 W3XP
- replay type:

» download(599 KB)
Players
team 1 (winner)
BEAR_AND (
teal | 196 APM | 10226 actions | 52:14)
7 Archmage
3 Summon Water Elemental
3 Brilliance Aura
1 Mass Teleport
6 Paladin
3 Holy Light
3 Divine Shield
5 Mountain King
3 Storm Bolt
2 Bash
» actions
| Assign group hotkey | 84 | |
| Basic commands | 6 | |
| Build / train | 152 | |
| Enter build submenu | 41 | |
| Enter hero's abilities submenu | 19 | |
| Give item / drop item | 8 | |
| Remove unit from queue | 22 | |
| Right click | 5128 | |
| Select / deselect | 885 | |
| Select group hotkey | 3609 | |
| Use ability | 272 | |
10226 total
» units
| Peasant | 12 | |
| Gryphon Rider | 21 | |
| Dragonhawk Rider | 3 | |
| Goblin Zeppelin | 4 | |
40 total
» upgrades
| Masonry | 3 | |
| Swords | 3 | |
| Animal War Training | 1 | |
| Lumber Harvesting | 2 | |
| Armor | 3 | |
| Storm Hammers | 1 | |
| Cloud | 1 | |
14 total
» buildings
| Altar of Kings | 1 | |
| Farm | 12 | |
| Lumber Mill | 2 | |
| Scout Tower | 33 | |
| Guard Tower | 19 | |
| Arcane Tower | 2 | |
| Keep | 4 | |
| Blacksmith | 1 | |
| Arcane Vault | 1 | |
| Gryphon Aviary | 2 | |
| Castle | 1 | |
| Barracks | 1 | |
79 total
» build order
00:12 Altar of Kings
00:20 Farm
00:23 Farm
01:39 Lumber Mill
04:29 Scout Tower
04:30 Scout Tower
04:30 Scout Tower
04:31 Scout Tower
04:37 Scout Tower
04:48 Scout Tower
04:49 Scout Tower
04:50 Scout Tower
04:51 Scout Tower
05:02 Guard Tower
05:25 Arcane Tower
05:25 Arcane Tower
05:46 Guard Tower
06:12 Guard Tower
06:21 Guard Tower
06:51 Guard Tower
07:23 Keep
07:23 Keep
07:24 Keep
07:24 Keep
07:28 Scout Tower
07:29 Scout Tower
07:54 Blacksmith
07:58 Guard Tower
08:32 Arcane Vault
08:41 Guard Tower
08:44 Farm
08:45 Farm
09:50 Gryphon Aviary
10:01 Castle
10:37 Farm
10:42 Gryphon Aviary
10:59 Farm
11:31 Barracks
12:18 Scout Tower
12:19 Scout Tower
12:20 Scout Tower
13:05 Scout Tower
13:25 Farm
13:55 Guard Tower
14:14 Guard Tower
15:28 Guard Tower
15:30 Scout Tower
15:30 Scout Tower
16:15 Guard Tower
16:33 Guard Tower
19:33 Scout Tower
19:33 Scout Tower
19:34 Scout Tower
20:09 Guard Tower
20:50 Scout Tower
20:51 Scout Tower
20:51 Guard Tower
21:52 Guard Tower
22:31 Scout Tower
25:41 Guard Tower
25:54 Lumber Mill
27:51 Scout Tower
27:52 Scout Tower
27:52 Scout Tower
27:53 Scout Tower
27:53 Scout Tower
27:53 Scout Tower
27:53 Scout Tower
27:54 Scout Tower
27:54 Scout Tower
30:45 Farm
30:45 Farm
30:46 Farm
30:46 Farm
31:45 Farm
31:48 Guard Tower
38:53 Guard Tower
38:53 Guard Tower
» items
| Scroll of Town Portal | 6 | |
| Potion of Healing | 6 | |
| Lesser Clarity Potion | 1 | |
| Staff of Sanctuary | 3 | |
| Scroll of Regeneration | 1 | |
| Orb of Venom | 1 | |
| Sobi Mask | 2 | |
| Mana Stone | 1 | |
| Belt of Giant Strength +6 | 1 | |
| Healing Wards | 1 | |
| Ankh of Reincarnation | 1 | |
24 total
iggy_the_fisk (
yellow | 105 APM | 5481 actions | 52:12)
6 Archmage
3 Summon Water Elemental
2 Brilliance Aura
1 Mass Teleport
6 Mountain King
3 Storm Bolt
2 Bash
1 Avatar
6 Paladin
3 Holy Light
2 Divine Shield
1 Resurrection
» actions
| Assign group hotkey | 373 | |
| Basic commands | 29 | |
| Build / train | 208 | |
| Enter build submenu | 79 | |
| Enter hero's abilities submenu | 18 | |
| Remove unit from queue | 12 | |
| Right click | 2815 | |
| Select / deselect | 887 | |
| Select group hotkey | 618 | |
| Use ability | 442 | |
5481 total
» units
| Peasant | 36 | |
| Knight | 17 | |
| Flying Machine | 25 | |
| Goblin Zeppelin | 1 | |
| Siege Engine | 1 | |
80 total
» upgrades
| Masonry | 3 | |
| Lumber Harvesting | 2 | |
| Animal War Training | 1 | |
| Flak Cannons | 1 | |
| Gunpowder | 3 | |
| Swords | 3 | |
| Flying Machine Bombs | 1 | |
| Plating | 3 | |
17 total
» buildings
| Altar of Kings | 1 | |
| Farm | 8 | |
| Lumber Mill | 2 | |
| Scout Tower | 69 | |
| Guard Tower | 34 | |
| Arcane Tower | 2 | |
| Keep | 1 | |
| Arcane Vault | 3 | |
| Castle | 1 | |
| Town Hall | 3 | |
| Barracks | 1 | |
| Blacksmith | 2 | |
| Workshop | 2 | |
| Cannon Tower | 1 | |
130 total
» build order
00:04 Altar of Kings
00:11 Farm
01:08 Farm
02:45 Lumber Mill
02:47 Lumber Mill
03:08 Scout Tower
03:13 Scout Tower
03:19 Scout Tower
03:51 Scout Tower
03:59 Guard Tower
04:27 Guard Tower
04:28 Guard Tower
04:28 Guard Tower
04:28 Guard Tower
04:52 Scout Tower
05:21 Guard Tower
05:48 Scout Tower
05:49 Scout Tower
06:01 Scout Tower
06:23 Arcane Tower
06:25 Scout Tower
06:29 Guard Tower
06:39 Scout Tower
07:09 Guard Tower
07:24 Guard Tower
07:25 Guard Tower
08:17 Scout Tower
08:25 Scout Tower
08:29 Scout Tower
08:32 Scout Tower
09:03 Arcane Tower
09:04 Guard Tower
09:05 Scout Tower
09:07 Scout Tower
09:48 Guard Tower
09:49 Scout Tower
09:51 Scout Tower
10:16 Scout Tower
10:17 Scout Tower
10:27 Scout Tower
10:29 Keep
10:36 Scout Tower
10:42 Scout Tower
10:56 Scout Tower
10:57 Guard Tower
11:00 Arcane Vault
11:10 Guard Tower
11:25 Guard Tower
11:28 Scout Tower
11:29 Scout Tower
12:07 Guard Tower
12:14 Scout Tower
12:15 Scout Tower
12:18 Guard Tower
12:36 Farm
13:15 Farm
13:20 Scout Tower
13:22 Scout Tower
13:39 Castle
13:52 Guard Tower
13:53 Scout Tower
15:01 Guard Tower
15:02 Scout Tower
15:48 Guard Tower
15:50 Town Hall
16:13 Scout Tower
16:14 Scout Tower
16:47 Guard Tower
16:47 Guard Tower
16:47 Guard Tower
17:35 Guard Tower
18:20 Scout Tower
18:57 Scout Tower
18:58 Scout Tower
19:11 Scout Tower
19:13 Scout Tower
19:14 Scout Tower
20:14 Guard Tower
20:16 Barracks
20:20 Blacksmith
20:22 Blacksmith
20:33 Scout Tower
20:34 Scout Tower
21:37 Workshop
21:39 Workshop
21:52 Guard Tower
23:19 Farm
23:20 Farm
23:55 Farm
24:54 Farm
29:27 Town Hall
29:31 Scout Tower
29:32 Scout Tower
29:33 Scout Tower
29:33 Scout Tower
29:34 Scout Tower
29:34 Scout Tower
30:02 Guard Tower
31:54 Guard Tower
31:54 Scout Tower
31:55 Scout Tower
35:06 Guard Tower
35:07 Scout Tower
35:59 Guard Tower
36:01 Scout Tower
36:01 Scout Tower
37:27 Guard Tower
37:30 Arcane Vault
38:14 Town Hall
38:15 Scout Tower
38:16 Scout Tower
38:17 Scout Tower
38:17 Scout Tower
38:18 Scout Tower
38:18 Scout Tower
38:20 Scout Tower
38:21 Scout Tower
38:21 Scout Tower
38:22 Scout Tower
38:22 Scout Tower
38:23 Scout Tower
41:00 Guard Tower
41:01 Scout Tower
41:02 Scout Tower
41:04 Scout Tower
41:06 Scout Tower
41:07 Arcane Vault
41:59 Cannon Tower
42:05 Guard Tower
» items
| Scroll of Regeneration | 11 | |
| Lesser Clarity Potion | 3 | |
| Scroll of Town Portal | 9 | |
| Staff of Sanctuary | 4 | |
| Ankh of Reincarnation | 1 | |
| Robe of the Magi +6 | 1 | |
| Mana Stone | 1 | |
| Scourge Bone Chimes | 1 | |
| Stone Token | 1 | |
| Potion of Restoration | 1 | |
33 total
NADMaN (
orange | 120 APM | 6255 actions | 52:12)
8 Beastmaster
3 Summon Quilbeast
3 Summon Hawk
1 Stampede
1 Summon Bear
5 Keeper of the Grove
3 Entangling Roots
2 Thorns Aura
3 Demon Hunter
1 Mana Burn
2 Evasion
» actions
| Assign group hotkey | 22 | |
| Basic commands | 205 | |
| Build / train | 146 | |
| ESC pressed | 8 | |
| Enter build submenu | 37 | |
| Enter hero's abilities submenu | 18 | |
| Give item / drop item | 1 | |
| Right click | 3047 | |
| Select / deselect | 835 | |
| Select group hotkey | 1659 | |
| Use ability | 277 | |
6255 total
» units
| Wisp | 67 | |
| Archer | 9 | |
| Hippogryph | 9 | |
| Chimaera | 3 | |
88 total
» upgrades
| Strength of the Wild | 3 | |
| Reinforced Hides | 3 | |
| Well Spring | 1 | |
| Nature's Blessing | 1 | |
| Ultravision | 1 | |
| Hardened Skin | 1 | |
| Resistant Skin | 1 | |
| Corrosive Breath | 1 | |
12 total
» buildings
| Tree of Life | 6 | |
| Ancient of War | 3 | |
| Moon Well | 10 | |
| Altar of Elders | 2 | |
| Tree of Ages | 4 | |
| Hunter's Hall | 1 | |
| Ancient of Wonders | 1 | |
| Tree of Eternity | 2 | |
| Ancient of Wind | 3 | |
| Chimaera Roost | 2 | |
| Ancient of Lore | 1 | |
35 total
» build order
00:40 Tree of Life
00:48 Ancient of War
00:50 Ancient of War
01:19 Moon Well
01:23 Ancient of War
01:59 Altar of Elders
07:04 Tree of Ages
07:05 Tree of Ages
08:45 Tree of Life
09:37 Moon Well
12:06 Tree of Life
12:15 Moon Well
12:40 Altar of Elders
13:16 Moon Well
14:19 Moon Well
14:46 Moon Well
15:46 Moon Well
18:07 Moon Well
21:57 Moon Well
22:00 Moon Well
22:24 Tree of Ages
22:24 Tree of Ages
22:44 Hunter's Hall
23:26 Ancient of Wonders
24:49 Tree of Life
24:56 Tree of Eternity
24:56 Tree of Eternity
26:11 Ancient of Wind
30:38 Chimaera Roost
30:39 Chimaera Roost
32:07 Ancient of Lore
32:16 Ancient of Wind
33:08 Tree of Life
34:56 Ancient of Wind
42:27 Tree of Life
» items
| Scroll of Town Portal | 3 | |
| Staff of Preservation | 2 | |
| Anti-magic Potion | 2 | |
| Alleria's Flute of Accuracy | 1 | |
| The Lion Horn of Stormwind | 1 | |
| Belt of Giant Strength +6 | 1 | |
| Healing Wards | 1 | |
| Orb of Venom | 1 | |
| Moonstone | 1 | |
| Scourge Bone Chimes | 1 | |
| Spiked Collar | 1 | |
| Boots of Quel'Thalas +6 | 1 | |
16 total
tIMG4strok (
green | 116 APM | 6050 actions | 52:12)
5 Archmage
3 Summon Water Elemental
2 Brilliance Aura
5 Mountain King
3 Storm Bolt
2 Bash
» actions
| Assign group hotkey | 49 | |
| Basic commands | 156 | |
| Build / train | 194 | |
| ESC pressed | 15 | |
| Enter build submenu | 127 | |
| Enter hero's abilities submenu | 10 | |
| Right click | 2688 | |
| Select / deselect | 653 | |
| Select group hotkey | 1765 | |
| Use ability | 393 | |
6050 total
» units
| Peasant | 51 | |
| Mortar Team | 5 | |
| Priest | 2 | |
| Flying Machine | 20 | |
| Gryphon Rider | 4 | |
82 total
» upgrades
| Masonry | 3 | |
| Magic Sentry | 1 | |
| Lumber Harvesting | 1 | |
| Gunpowder | 3 | |
| Fragmentation Shards | 1 | |
| Flare | 1 | |
| Plating | 3 | |
| Priest Training | 2 | |
| Flak Cannons | 1 | |
| Flying Machine Bombs | 1 | |
| Sorceress Training | 1 | |
| Control Magic | 1 | |
| Swords | 2 | |
| Armor | 2 | |
| Storm Hammers | 1 | |
24 total
» buildings
| Altar of Kings | 1 | |
| Farm | 16 | |
| Lumber Mill | 2 | |
| Scout Tower | 173 | |
| Guard Tower | 54 | |
| Arcane Tower | 2 | |
| Arcane Vault | 3 | |
| Keep | 1 | |
| Arcane Sanctum | 1 | |
| Castle | 1 | |
| Blacksmith | 1 | |
| Workshop | 2 | |
| Town Hall | 2 | |
| Gryphon Aviary | 2 | |
261 total
» build order
00:03 Altar of Kings
00:05 Farm
00:14 Farm
02:49 Lumber Mill
04:27 Scout Tower
04:28 Scout Tower
04:30 Scout Tower
04:37 Scout Tower
04:56 Guard Tower
04:57 Scout Tower
04:58 Scout Tower
05:08 Arcane Tower
05:10 Scout Tower
05:54 Scout Tower
06:13 Guard Tower
06:15 Scout Tower
06:16 Scout Tower
06:20 Scout Tower
06:20 Scout Tower
06:23 Arcane Tower
06:34 Arcane Vault
07:41 Guard Tower
07:43 Keep
08:46 Lumber Mill
08:52 Scout Tower
08:53 Scout Tower
08:55 Scout Tower
08:56 Scout Tower
08:58 Scout Tower
08:58 Scout Tower
08:59 Scout Tower
09:01 Scout Tower
09:01 Scout Tower
09:02 Scout Tower
09:03 Scout Tower
09:04 Scout Tower
09:05 Scout Tower
09:11 Scout Tower
09:12 Scout Tower
09:27 Guard Tower
09:33 Farm
09:46 Guard Tower
10:33 Scout Tower
10:33 Scout Tower
10:56 Guard Tower
10:57 Arcane Sanctum
11:08 Guard Tower
11:37 Guard Tower
12:07 Scout Tower
12:08 Scout Tower
12:09 Scout Tower
12:12 Scout Tower
12:12 Scout Tower
12:14 Scout Tower
12:15 Scout Tower
12:43 Guard Tower
13:10 Scout Tower
13:11 Scout Tower
13:13 Scout Tower
13:15 Scout Tower
13:17 Scout Tower
13:20 Guard Tower
13:32 Scout Tower
13:33 Scout Tower
13:36 Scout Tower
13:37 Scout Tower
13:39 Guard Tower
14:31 Arcane Vault
14:33 Guard Tower
15:31 Castle
15:34 Farm
15:34 Farm
15:35 Farm
15:35 Farm
15:40 Scout Tower
15:41 Scout Tower
15:42 Scout Tower
15:42 Scout Tower
16:03 Blacksmith
16:23 Guard Tower
17:09 Guard Tower
17:52 Guard Tower
17:53 Scout Tower
18:05 Scout Tower
18:22 Guard Tower
18:24 Scout Tower
18:25 Scout Tower
18:26 Scout Tower
18:37 Guard Tower
19:28 Workshop
19:29 Workshop
19:34 Farm
19:34 Farm
19:35 Farm
19:47 Scout Tower
19:47 Scout Tower
19:48 Scout Tower
19:48 Scout Tower
20:21 Guard Tower
20:47 Guard Tower
20:55 Farm
20:56 Farm
20:56 Farm
20:57 Farm
21:04 Scout Tower
21:05 Scout Tower
21:05 Scout Tower
21:06 Scout Tower
21:27 Guard Tower
21:35 Guard Tower
21:45 Guard Tower
22:01 Scout Tower
22:02 Scout Tower
22:02 Scout Tower
22:13 Guard Tower
22:40 Scout Tower
22:41 Scout Tower
22:42 Scout Tower
22:45 Scout Tower
22:59 Guard Tower
23:32 Guard Tower
24:17 Scout Tower
24:18 Scout Tower
24:22 Scout Tower
24:23 Scout Tower
24:24 Scout Tower
24:24 Scout Tower
24:43 Town Hall
25:11 Scout Tower
25:12 Scout Tower
25:16 Scout Tower
25:17 Scout Tower
25:24 Guard Tower
25:48 Scout Tower
25:49 Scout Tower
25:49 Scout Tower
25:50 Scout Tower
25:51 Scout Tower
25:51 Scout Tower
25:54 Guard Tower
26:10 Guard Tower
26:18 Guard Tower
26:21 Scout Tower
26:22 Scout Tower
26:23 Scout Tower
26:31 Guard Tower
27:26 Scout Tower
27:27 Scout Tower
27:27 Scout Tower
27:28 Scout Tower
27:29 Scout Tower
27:29 Scout Tower
27:46 Guard Tower
28:00 Scout Tower
28:01 Scout Tower
28:02 Scout Tower
28:03 Scout Tower
28:04 Scout Tower
28:04 Scout Tower
28:05 Scout Tower
28:21 Scout Tower
28:22 Scout Tower
28:23 Scout Tower
28:23 Scout Tower
28:24 Scout Tower
28:24 Scout Tower
28:48 Guard Tower
28:56 Guard Tower
29:36 Guard Tower
29:57 Guard Tower
30:01 Scout Tower
30:01 Scout Tower
30:02 Scout Tower
30:02 Scout Tower
30:22 Guard Tower
30:35 Guard Tower
30:57 Guard Tower
31:16 Guard Tower
31:39 Guard Tower
31:54 Guard Tower
32:21 Scout Tower
32:21 Scout Tower
32:22 Scout Tower
32:22 Scout Tower
32:25 Guard Tower
32:44 Guard Tower
32:47 Scout Tower
32:48 Scout Tower
32:49 Scout Tower
32:49 Scout Tower
32:55 Guard Tower
33:50 Scout Tower
33:50 Scout Tower
34:14 Guard Tower
35:01 Scout Tower
35:01 Scout Tower
38:02 Guard Tower
38:10 Scout Tower
38:12 Scout Tower
38:12 Scout Tower
38:13 Scout Tower
38:14 Scout Tower
38:14 Scout Tower
38:15 Scout Tower
38:16 Scout Tower
38:16 Scout Tower
38:17 Scout Tower
38:18 Scout Tower
38:19 Scout Tower
38:21 Scout Tower
38:22 Scout Tower
38:23 Scout Tower
38:23 Scout Tower
38:30 Town Hall
40:00 Scout Tower
40:01 Scout Tower
40:01 Scout Tower
40:02 Scout Tower
40:02 Scout Tower
40:03 Scout Tower
40:05 Scout Tower
40:05 Scout Tower
42:29 Guard Tower
42:45 Scout Tower
42:46 Scout Tower
42:46 Scout Tower
42:47 Scout Tower
42:48 Scout Tower
42:48 Scout Tower
42:50 Scout Tower
42:50 Scout Tower
42:51 Scout Tower
42:53 Guard Tower
43:34 Scout Tower
43:35 Scout Tower
43:36 Scout Tower
43:37 Scout Tower
43:39 Guard Tower
46:09 Guard Tower
46:25 Gryphon Aviary
46:26 Gryphon Aviary
47:28 Arcane Vault
47:32 Scout Tower
47:32 Scout Tower
47:33 Scout Tower
47:34 Scout Tower
47:34 Scout Tower
47:35 Scout Tower
47:36 Scout Tower
47:37 Scout Tower
47:38 Scout Tower
47:39 Scout Tower
47:41 Scout Tower
47:43 Scout Tower
47:44 Scout Tower
49:02 Guard Tower
49:49 Guard Tower
51:14 Farm
51:16 Farm
» items
| Scroll of Regeneration | 8 | |
| Potion of Healing | 1 | |
| Staff of Sanctuary | 2 | |
| Orb of Fire | 1 | |
| Scroll of Town Portal | 4 | |
| Lesser Clarity Potion | 1 | |
17 total
team 2 (loser)
InfiniteShadow (
red | 84 APM | 4393 actions | 52:05)
7 Priestess of the Moon
3 Searing Arrows
3 Trueshot Aura
1 Starfall
7 Pit Lord
3 Rain of Fire
3 Cleaving Attack
1 Doom
2 Pandaren Brewmaster
1 Breath of Fire
1 Drunken Haze
» actions
| Assign group hotkey | 120 | |
| Basic commands | 296 | |
| Build / train | 105 | |
| ESC pressed | 4 | |
| Enter build submenu | 26 | |
| Enter hero's abilities submenu | 16 | |
| Right click | 1586 | |
| Select / deselect | 691 | |
| Select group hotkey | 1441 | |
| Use ability | 108 | |
4393 total
» units
| Wisp | 18 | |
| Glaive Thrower | 17 | |
| Archer | 2 | |
| Chimaera | 3 | |
| Hippogryph | 20 | |
| Mountain Giant | 1 | |
| Dryad | 5 | |
66 total
» upgrades
| Ultravision | 1 | |
| Strength of the Moon | 3 | |
| Vorpal Blades | 1 | |
| Strength of the Wild | 2 | |
| Corrosive Breath | 1 | |
| Hardened Skin | 1 | |
| Reinforced Hides | 2 | |
| Resistant Skin | 1 | |
12 total
» buildings
| Altar of Elders | 1 | |
| Moon Well | 7 | |
| Ancient of War | 5 | |
| Hunter's Hall | 1 | |
| Ancient Protector | 1 | |
| Tree of Ages | 1 | |
| Tree of Eternity | 1 | |
| Ancient of Wind | 2 | |
| Chimaera Roost | 3 | |
| Ancient of Wonders | 1 | |
| Ancient of Lore | 2 | |
| Tree of Life | 2 | |
27 total
» build order
00:12 Altar of Elders
00:25 Moon Well
01:18 Ancient of War
01:48 Hunter's Hall
02:11 Ancient of War
02:26 Ancient of War
02:36 Moon Well
03:27 Moon Well
04:05 Moon Well
04:49 Ancient Protector
05:25 Tree of Ages
11:48 Moon Well
13:00 Tree of Eternity
21:42 Ancient of War
23:29 Ancient of War
24:01 Ancient of Wind
25:19 Moon Well
26:19 Chimaera Roost
26:22 Chimaera Roost
26:24 Chimaera Roost
27:16 Moon Well
39:31 Ancient of Wonders
39:58 Ancient of Wind
41:19 Ancient of Lore
42:14 Ancient of Lore
47:59 Tree of Life
49:09 Tree of Life
» items
| Rod of Necromancy | 1 | |
| Orb of Corruption | 1 | |
| Potion of Healing | 1 | |
| Orb of Venom | 1 | |
| Anti-magic Potion | 1 | |
| Scroll of Town Portal | 1 | |
6 total
iwinkthxbye (
purple | 51 APM | 2680 actions | 52:07)
9 Dark Ranger
3 Black Arrow
3 Life Drain
1 Charm
2 Silence
» actions
| Assign group hotkey | 152 | |
| Build / train | 142 | |
| Enter build submenu | 19 | |
| Enter hero's abilities submenu | 9 | |
| Give item / drop item | 1 | |
| Right click | 1403 | |
| Select / deselect | 479 | |
| Select group hotkey | 381 | |
| Use ability | 94 | |
2680 total
» units
| Wisp | 11 | |
| Huntress | 7 | |
| Archer | 42 | |
| Hippogryph | 50 | |
| Chimaera | 11 | |
| Druid of the Talon | 1 | |
122 total
» upgrades
| Strength of the Moon | 1 | |
| Marksmanship | 1 | |
| Corrosive Breath | 1 | |
| Strength of the Wild | 1 | |
| Reinforced Hides | 1 | |
5 total
» buildings
| Altar of Elders | 1 | |
| Moon Well | 9 | |
| Hunter's Hall | 1 | |
| Ancient of War | 2 | |
| Tree of Ages | 1 | |
| Ancient Protector | 2 | |
| Ancient of Wind | 1 | |
| Tree of Eternity | 1 | |
| Chimaera Roost | 2 | |
| Ancient of Wonders | 1 | |
21 total
» build order
00:18 Altar of Elders
00:23 Moon Well
00:26 Moon Well
01:38 Hunter's Hall
02:09 Ancient of War
02:11 Ancient of War
02:32 Moon Well
02:41 Moon Well
04:53 Moon Well
09:06 Tree of Ages
10:15 Moon Well
10:17 Moon Well
10:20 Ancient Protector
11:47 Ancient of Wind
13:29 Tree of Eternity
23:48 Chimaera Roost
24:37 Chimaera Roost
29:17 Moon Well
29:19 Moon Well
32:20 Ancient Protector
39:44 Ancient of Wonders
» items
| Rod of Necromancy | 1 | |
| Potion of Healing | 2 | |
3 total
N.W.A_ (
pink | 57 APM | 2997 actions | 52:12)
5 Dark Ranger
3 Black Arrow
2 Life Drain
4 Dreadlord
2 Vampiric Aura
2 Sleep
» actions
| Basic commands | 4 | |
| Build / train | 110 | |
| Enter build submenu | 19 | |
| Enter hero's abilities submenu | 11 | |
| Remove unit from queue | 6 | |
| Right click | 1894 | |
| Select / deselect | 878 | |
| Use ability | 75 | |
2997 total
» units
| Acolyte | 9 | |
| Ghoul | 33 | |
| Crypt Fiend | 1 | |
| Obsidian Statue | 10 | |
| Abomination | 5 | |
58 total
» upgrades
| Unholy Strength | 3 | |
| Unholy Armor | 2 | |
| Ghoul Frenzy | 1 | |
| Destroyer Form | 1 | |
| Creature Attack | 2 | |
| Creature Carapace | 2 | |
| Disease Cloud | 1 | |
12 total
» buildings
| Graveyard | 1 | |
| Crypt | 2 | |
| Ziggurat | 8 | |
| Tomb of Relics | 1 | |
| Altar of Darkness | 1 | |
| Nerubian Tower | 3 | |
| Spirit Tower | 3 | |
| Halls of the Dead | 2 | |
| Slaughterhouse | 2 | |
| Black Citadel | 2 | |
| Necropolis | 1 | |
26 total
» build order
00:28 Graveyard
00:40 Crypt
00:43 Ziggurat
01:04 Ziggurat
01:24 Tomb of Relics
01:50 Altar of Darkness
02:06 Nerubian Tower
02:06 Nerubian Tower
03:15 Spirit Tower
05:06 Ziggurat
07:24 Halls of the Dead
07:24 Halls of the Dead
07:28 Ziggurat
07:30 Ziggurat
10:28 Slaughterhouse
11:38 Black Citadel
11:39 Black Citadel
13:07 Black Citadel
13:35 Crypt
14:30 Ziggurat
21:50 Ziggurat
21:52 Ziggurat
29:00 Spirit Tower
29:01 Nerubian Tower
29:48 Slaughterhouse
34:39 Necropolis
» items
| Scroll of Town Portal | 4 | |
| Scroll of Healing | 1 | |
5 total
SprayCanaDiaN (
blue | 84 APM | 4349 actions | 51:50)
6 Death Knight
3 Death Coil
2 Unholy Aura
1 Animate Dead
5 Lich
3 Frost Nova
2 Frost Armor
4 Dark Ranger
2 Black Arrow
2 Silence
» actions
| Assign group hotkey | 79 | |
| Basic commands | 79 | |
| Build / train | 125 | |
| ESC pressed | 1 | |
| Enter build submenu | 38 | |
| Enter hero's abilities submenu | 16 | |
| Give item / drop item | 4 | |
| Remove unit from queue | 7 | |
| Right click | 2204 | |
| Select / deselect | 814 | |
| Select group hotkey | 784 | |
| Use ability | 193 | |
4349 total
» units
| Acolyte | 23 | |
| Ghoul | 5 | |
| Crypt Fiend | 16 | |
| Abomination | 6 | |
| Goblin Zeppelin | 1 | |
| Gargoyle | 2 | |
53 total
» upgrades
| Creature Attack | 3 | |
| Web | 1 | |
| Burrow | 1 | |
| Unholy Armor | 2 | |
| Unholy Strength | 2 | |
| Creature Carapace | 2 | |
11 total
» buildings
| Crypt | 4 | |
| Ziggurat | 14 | |
| Graveyard | 2 | |
| Altar of Darkness | 1 | |
| Tomb of Relics | 1 | |
| Spirit Tower | 5 | |
| Nerubian Tower | 2 | |
| Halls of the Dead | 1 | |
| Black Citadel | 2 | |
| Slaughterhouse | 1 | |
| Sacrificial Pit | 1 | |
| Necropolis | 2 | |
36 total
» build order
00:36 Crypt
00:41 Ziggurat
00:51 Graveyard
01:07 Altar of Darkness
01:24 Ziggurat
01:37 Tomb of Relics
02:21 Spirit Tower
02:28 Nerubian Tower
03:02 Ziggurat
13:04 Graveyard
16:24 Crypt
16:29 Ziggurat
16:30 Ziggurat
17:19 Halls of the Dead
20:55 Ziggurat
21:02 Nerubian Tower
25:50 Ziggurat
26:25 Black Citadel
29:50 Slaughterhouse
33:49 Sacrificial Pit
33:55 Ziggurat
33:56 Ziggurat
35:58 Necropolis
40:10 Spirit Tower
40:10 Spirit Tower
40:12 Spirit Tower
41:52 Necropolis
43:08 Spirit Tower
43:17 Crypt
43:19 Crypt
43:24 Ziggurat
43:25 Ziggurat
43:28 Ziggurat
47:46 Ziggurat
47:49 Ziggurat
» items
| Rod of Necromancy | 4 | |
| Potion of Mana | 3 | |
| Scroll of Town Portal | 10 | |
| Potion of Healing | 2 | |
| Orb of Corruption | 2 | |
| Potion of Restoration | 1 | |
| Scroll of Healing | 1 | |
23 total
Chat log
(00:02 / All) BEAR_AND: hey
(00:06 / All) BEAR_AND: can you coil yet
(00:07 / All) BEAR_AND: ?
(00:08 / All) tIMG4strok: *misses a coil*
(00:15 / All) BEAR_AND: youtube.com/highperch
(12:01 / All) SprayCanaDiaN: i think
(12:06 / All) SprayCanaDiaN: my coil just hit both of you?
(38:05 / Allies) iggy_the_fisk: give iggy lumber
(38:18 / All) SprayCanaDiaN: coil again?
(38:51 / All) SprayCanaDiaN: coil again
(39:36 / All) tIMG4strok: thanks for the win by the way,
(39:42 / All) BEAR_AND: (again)
(40:31 / All) SprayCanaDiaN: coil again
(40:37 / All) BEAR_AND: wow defensive huh
(40:42 / All) BEAR_AND: see the vid of you missing 16 of them?
(40:50 / All) tIMG4strok: LOL
(40:51 / All) SprayCanaDiaN: that was the other ud lol
(40:56 / All) BEAR_AND: nope both :)
(41:01 / All) SprayCanaDiaN: Wrong
(41:10 / All) BEAR_AND: http://highper.ch for vids and reps of you shitnoobs losing & sucking
(42:59 / All) N.W.A_: mna you guys got a lot of twoers
(43:03 / All) BEAR_AND: ah
(43:04 / All) BEAR_AND: Nah
(43:06 / All) tIMG4strok: man you got a lot of dicks in your mouth
(43:08 / All) BEAR_AND: very few
(43:11 / All) tIMG4strok: leave shit noob
(43:17 / All) N.W.A_: never
(43:27 / All) iggy_the_fisk: enjoy this loss as long as you like
(43:40 / All) N.W.A_: kk
(43:43 / All) iwinkthxbye: i bet you all suck eachothers cocks
(46:01 / All) SprayCanaDiaN: nova that time i think
(46:06 / All) iwinkthxbye: i think so
(50:27 / All) BEAR_AND: ty
(51:33 / All) iggy_the_fisk: damn blue
(51:34 / All) iggy_the_fisk: you suck
(51:38 / All) tIMG4strok: jessuchrist..
(51:46 / All) SprayCanaDiaN: lol how many times did u lose ur mk pally and am again?
(51:50 / All) BEAR_AND: like 2
(51:53 / All) BEAR_AND: 1 maybe
(52:03 / All) N.W.A_: this is so gayyyyyyyyyyyyyyyyyyyyyyyyy
(52:05 / All) iwinkthxbye: you guys arent that good, just so you know
(52:08 / All) N.W.A_: mass towers like noobs
(52:09 / All) iggy_the_fisk: yeah you suck
(52:10 / All) BEAR_AND: leave